 Dungeon Crawl Stone Soup version 0.16.1-51-g6203257 (webtiles) character file.

63 RepoMan the Grasshopper (level 4, -18/34 (36) HPs)
             Began as a Ghoul Warper on July 21, 2015.
             Engulfed by a cloud of flame (30 damage)
             ... on level 2 of the Dungeon.
             The game lasted 00:12:14 (1627 turns).

RepoMan the Grasshopper (Ghoul Warper)              Turns: 1627, Time: 00:12:14

HP:   -18/34 (36)   AC:  4    Str: 14    XL:     4   Next: 9%
MP:   7/7           EV: 11    Int:  9    God:
Gold: 86            SH:  0    Dex:  8    Spells: 3 memorised, 3 levels left

rFire  . . .     SeeInvis .     m - +0 battleaxe
rCold  + . .     Clarity  .     b - +0 leather armour
rNeg   + + +     SustAb   .     (no shield)
rPois  ∞         Gourm    .     (no helmet)
rElec  .         Spirit   .     g - +0 cloak
rCorr  .         Warding  .     (no gloves)
rMut   .         Stasis   .     (no boots)
MR     .....                    (no amulet)
Stlth  +.........               (no ring)
                                (no ring)

@: very slightly contaminated, rotting, invisible, not resistant to hostile
enchantments, very unstealthy
A: rotting body, claws 1, carnivore 3, cold resistance 1, negative energy
resistance 3, poison resistance, slow healing 1, torment resistance, unbreathing
a: no special abilities


You were on level 2 of the Dungeon.
You were not hungry.

You visited 1 branch of the dungeon, and saw 2 of its levels.

You collected 86 gold pieces.

Inventory:

Hand weapons
 a - a +0 hand axe
 m - a +0 battleaxe (weapon)
Missiles
 e - 2 tomahawks of dispersal (quivered)
 f - 3 tomahawks
Armour
 b - a +0 leather armour (worn)
 g - a +0 cloak (worn)
 o - a +0 ring mail
Jewellery
 r - an uncursed ring of stealth {unknown}
Scrolls
 d - 2 scrolls of blinking
 i - 3 scrolls of remove curse {unknown}
 k - 2 scrolls of identify {unknown}
 n - a scroll of amnesia {unknown}
 p - a scroll of noise {unknown}
Potions
 q - a potion of might {unknown}
Books
 c - a book of Spatial Translocations

   Spells                             Type                      Level
   a - Apportation                    Translocation                1
   b - Blink                          Translocation                2
   c - Shroud of Golubria             Charms/Translocation         2
   d - Portal Projectile              Translocation                3
   e - Teleport Other                 Translocation                3
   f - Passage of Golubria            Translocation                4
 s - a Necronomicon {highlevel, unknown}

   This book is beyond your current level of understanding.

   Spells                             Type                      Level
   a - Haunt                          Necromancy/Summoning         7
   b - Borgnjor's Revivification      Necromancy                   8
   c - Death's Door                   Charms/Necromancy            8
   d - Necromutation                  Transmutation/Necromancy     8
Comestibles
 h - 2 chunks of flesh
 l - a meat ration


   Skills:
 - Level 2.1 Fighting
 + Level 2.4 Axes
 - Level 0.8 Throwing
 + Level 1.6 Armour
 - Level 1.7 Dodging
 * Level 2.5 Spellcasting
 - Level 3.0 Translocations


You had 3 spell levels left.
You knew the following spells:

 Your Spells              Type           Power        Failure   Level  Hunger
a - Apportation           Tloc           #.........   12%         1    ##.....
b - Blink                 Tloc           N/A          17%         2    ###....
c - Shroud of Golubria    Chrm/Tloc      #.........   34%         2    ###....


Dungeon Overview and Level Annotations

Branches:
Dungeon (2/15)

Altars:
Ru
Vehumet


Innate Abilities, Weirdness & Mutations

Your body is rotting away.
You thrive on raw meat.
You have sharp fingernails.
You are carnivorous and can eat meat at any time.
Your flesh is cold resistant.
You are immune to negative energy.
Your system is resistant to poisons.
You heal slowly when monsters are visible.
You are immune to unholy pain and torment.
You can survive without breathing.


Message History

Press: ? - help, Shift-Dir - straight line, f/p - gnoll
Aim: a gnoll, wielding a spear of chaos (flame)
You throw a tomahawk of dispersal.
The tomahawk of dispersal hits the gnoll.
The gnoll blinks!
The gnoll is lightly wounded.
The gnoll hits you but does no damage.
Drink which item? (? for menu, Esc to quit)
You feel much better.
The gnoll hits you from afar with a spear of chaos.
Really walk into a travel-excluded area?
The gnoll hits you from afar with a spear of chaos!
You fade into invisibility!
You are very lightly contaminated with residual magic.
The gnoll hits you with a spear of chaos.
You convulse.
You barely miss the gnoll.
The gnoll is lightly wounded.
Ouch! That really hurt!
You die...

#...<......#
#..........#########
#...................
#...................
##...................
#.§.........########.
#.§)§.......# #.
#..g§.......# #.
#.§§@.......## #.
#...§........# ###
##.....###...# #..
####### #...# #..
#...# #.. #...# #..
#...# #.. ##### #..
#..


You could see a gnoll.

Vanquished Creatures
  A gnoll (D:2)
  3 adders (D:2)
  A giant gecko (D:2)
  3 hobgoblins (D:1)
  3 jackals (D:2)
  5 kobolds
  5 bats
  3 giant newts
  3 rats
27 creatures vanquished.

Notes
Turn   | Place    | Note
--------------------------------------------------------------
     0 | D:1      | RepoMan, the Ghoul Warper, began the quest for the Orb.
     0 | D:1      | Reached XP level 1. HP: 17/17 MP: 2/2
   418 | D:1      | Reached XP level 2. HP: 24/24 MP: 3/3
   422 | D:1      | Learned a level 2 spell: Blink
   544 | D:1      | Reached skill level 1 in Armour
   918 | D:2      | Reached XP level 3. HP: 14/29 MP: 6/6
  1079 | D:2      | Found a sacrificial altar of Ru.
  1142 | D:2      | Reached skill level 3 in Translocations
  1159 | D:2      | Learned a level 2 spell: Shroud of Golubria
  1527 | D:2      | Found a radiant altar of Vehumet.
  1578 | D:2      | Reached XP level 4. HP: 26/35 MP: 7/7
  1627 | D:2      | Engulfed by a cloud of flame

Action                   |  1- 3 |  4- 6 || total
-------------------------+-------+-------++-------
Melee: Hand axe          |   107 |       ||   107
       Battleaxe         |    28 |     1 ||    29
Throw: Tomahawk          |       |     3 ||     3
  Use: Potion            |     1 |     1 ||     2
  Eat: Chunk             |     5 |       ||     5
